 Dungeon Crawl Stone Soup version 0.26-a0-639-g72c4674329 (webtiles) character file.

Game seed: 14567136121622797254

17 Flugslaktarn the Skirmisher (level 2, 0/27 HPs)
             Began as a Minotaur Fighter on Sept 19, 2020.
             Succumbed to an adder's poison
             ... on level 3 of the Dungeon.
             The game lasted 00:00:12 (297 turns).

Flugslaktarn the Skirmisher (Minotaur Fighter)       Turns: 297, Time: 00:00:13

Health: 0/27       AC:  7    Str: 20    XL:     2   Next: 44%
Magic:  1/1        EV:  7    Int:  5    God:
Gold:   17         SH:  9    Dex:  9    Spells: 1/1 levels left

rFire    . . .     SeeInvis .   a - +0 war axe
rCold    . . .     Faith    .   c - +0 kite shield
rNeg     . . .     Spirit   .   b - +0 scale mail
rPois    .         Reflect  .   (helmet restricted)
rElec    .         Harm     .   (no cloak)
rCorr    .         Rampage  .   (no gloves)
MR       .....                  (no boots)
Stlth    ..........             (no amulet)
HPRegen  0.09/turn              (no ring)
MPRegen  0.07/turn              (no ring)

@: lethally poisoned (0 -> -4), flying
A: retaliatory headbutt, horns 2
a: no special abilities


You were on level 3 of the Dungeon.
You visited 1 branch of the dungeon, and saw 3 of its levels.

You collected 17 gold pieces.

Inventory:

Hand Weapons
 a - a +0 war axe (weapon)
Armour
 b - a +0 scale mail (worn)
 c - a +0 kite shield (worn)
Wands
 f - a wand of paralysis (10)
   (You found it on level 3 of the Dungeon)
Scrolls
 e - a scroll of amnesia {unknown}
 g - a scroll of identify {unknown}
Potions
 d - a potion of might


   Skills:
 * Level 4.0 Fighting
 * Level 3.0 Axes
 + Level 3.8 Armour
 + Level 3.8 Shields


You had one spell level left.
You didn't know any spells.
Your spell library was empty.

Dungeon Overview and Level Annotations

Branches:
Dungeon (3/15)

Altars:


Innate Abilities, Weirdness & Mutations

You reflexively headbutt those who attack you in melee.
You have a pair of horns on your head.


Message History

Your Axes skill increases to level 3!
* * * LOW HITPOINT WARNING * * *
You feel sick.
* * * LOW HITPOINT WARNING * * *
You feel sick.
* * * LOW HITPOINT WARNING * * *
You feel sick.
* * * LOW HITPOINT WARNING * * *
You feel sick.
You see here a wand of paralysis (10).
f - a wand of paralysis (10)
* * * LOW HITPOINT WARNING * * *
You feel sick.
* * * LOW HITPOINT WARNING * * *
You feel sick.
* * * LOW HITPOINT WARNING * * *
You feel sick.
* * * LOW HITPOINT WARNING * * *
You feel sick.
You die...

#. ..♣≈≈≈P≈≈≈≈≈≈≈≈≈≈♣#
###.. ♣≈≈≈≈P≈P≈≈≈≈≈≈≈≈≈♣
<....##♣≈≈≈≈≈≈≈P≈♣≈..P≈♣.
#.....<≈≈≈≈P≈≈..≈...≈...
#.#....#................
####...........≈..≈≈≈≈
#.........≈≈..≈)PP≈P♣
#.##.....≈≈≈≈≈≈≈≈≈≈♣♣ #
##@####♣P≈≈≈♣≈≈≈♣
#..).......♣♣♣♣♣ ♣♣#
......#......#
......+......# .....
#......# ..... #......#
.... ......... ####
.........


There were no monsters in sight!

Vanquished Creatures
  An adder (D:3)
  A dart slug (D:2)
  2 hobgoblins
  A frilled lizard (D:1)
  3 rats (D:2)
8 creatures vanquished.

Vanquished Creatures (others)
  3 fungi (D:2)
  7 plants
10 creatures vanquished.

Grand Total: 18 creatures vanquished

Notes
Turn   | Place    | Note
-------+----------+-------------------------------------------
     0 | D:1      | Flugslaktarn the Minotaur Fighter began the quest for the
                  | Orb.
     0 | D:1      | Reached XP level 1. HP: 19/19 MP: 0/0
   280 | D:3      | Reached XP level 2. HP: 15/27 MP: 1/1
   285 | D:3      | Reached skill level 4 in Fighting
   295 | D:3      | HP: 1/27 [poisoned by an adder]
   297 | D:3      | Succumbed to an adder's poison

Illustrated notes

Levels and vault maps discovered:
D:1:      sevenhm_arrival_forest_fort_small_5, layout_loops_ring,
          hangedman_feature_mirror
D:2:      layout_basic, nicolae_ru_the_path_less_chosen, fedhas_altar_3,
          dk_vineyard_1, st_stairs_4, trog_book
D:3:      layout_basic, small_statue_alley_b, serial_bayou_ford_a, uniq_jessica

Skill      XL: |  1  2 |
---------------+-------+-----
Fighting       | 4 |  4.0
Axes           | 3 |  3.0
Armour         | |  3.8
Shields        | |  3.8

Action                   || total
-------------------------++-------
Melee: War axe           ||    17
       Headbutt          ||     1
  Use: Potion            ||     1
Armor: Scale mail        ||    10
Dodge: Dodged            ||    10
Block: Kite shield       ||     4

Table legend: (Time is in decaauts)
 A = Elapsed time spent in this place.
 B = Non-inter-level travel time spent in this place.
 C = Inter-level travel time spent in this place.
 D = Time resting spent in this place.
 E = Time spent auto-exploring this place.
 F = Levels seen in this place.
 G = Mean time per level.
                   A        B        C        D        E       F      G
               +--------+--------+--------+--------+--------+-----+--------+
         Total |    305 |    254 |     51 |      0 |    189 |   3 |  101.7 |
       Dungeon |    305 |    254 |     51 |      0 |    189 |   3 |  101.7 |
               +--------+--------+--------+--------+--------+-----+--------+

Top non-repeatable levels by time:
     D:1: 132 daAuts
     D:2: 125 daAuts
     D:3: 47 daAuts
